 Dungeon Crawl Stone Soup version 0.28-a0-973-ga7f8b01127 (webtiles) character file.

Game seed: 2888313625547571471

1949 Zonian the Storyteller (level 8, -4/84 HPs)
             Began as a Demonspawn Gladiator on Dec 2, 2021.
             Was a Believer of Hepliaklqana.
             Slain by an orc warrior (10 damage)
             ... on level 7 of the Dungeon.
             The game lasted 00:11:58 (8411 turns).

Zonian the Storyteller (Demonspawn Gladiator)       Turns: 8411, Time: 00:11:58

Health: -4/84      AC:  5    Str: 15    XL:     8   Next: 99%
Magic:  12/12      EV: 14    Int: 10    God:    Hepliaklqana [**....]
Gold:   157        SH:  0    Dex: 16    Spells: 4/7 levels left

rFire   . . .      SeeInvis .   a - +1 trident
rCold   . . .      Faith    .   (no shield)
rNeg    . . .      Spirit   .   b - +0 leather armour
rPois   .          Reflect  .   l - +1 helmet
rElec   .          Harm     .   (no cloak)
rCorr   .          Rampage  .   (no gloves)
Will    .....                   (no boots)
Stlth   ..........              (no amulet)
HPRegen 0.24/turn               (no ring)
MPRegen 0.13/turn               (no ring)

@: berserking, lethally poisoned (-4 -> -12), very quick
A: reduced essence, claws 2, powered by pain 1, spiny 1, sturdy frame 2
a: Renounce Religion, Recall Ancestor, Ancestor Identity


You were on level 7 of the Dungeon.
You worshipped Hepliaklqana.
Hepliaklqana was pleased with you.
You visited 1 branch of the dungeon, and saw 7 of its levels.

You collected 229 gold pieces.
You spent 72 gold pieces at shops.

Inventory:

Hand Weapons
 a - a +1 trident (weapon)
 k - a +2 vampiric dagger
 o - a +1 glaive of venom
 w - a +0 dagger
Missiles
 d - a throwing net (quivered)
 e - 83 sling bullets
 i - 31 poisoned darts
 m - 5 javelins
Armour
 b - a +0 leather armour (worn)
 c - a +0 helmet
 l - a +1 helmet (worn)
 r - a +0 cloak
Jewellery
 h - a ring of ice
Wands
 f - a wand of flame (18)
 t - a wand of paralysis (9)
 u - a wand of iceblast (6)
Scrolls
 n - 2 scrolls of enchant weapon
Potions
 g - a potion of lignification
 j - 2 potions of ambrosia
 q - a potion of might
 s - a potion of mutation {unknown}
 v - a potion of brilliance {unknown}


   Skills:
 + Level 5.6 Fighting
 - Level 4.7 Polearms
 - Level 1.8 Throwing
 + Level 5.6 Dodging
 + Level 4.9 Stealth
 + Level 2.4 Unarmed Combat
 + Level 0.0 Spellcasting
 + Level 0.0 Conjurations
 + Level 0.0 Air Magic
 + Level 0.0 Poison Magic
 + Level 6.3 Invocations


You had 4 spell levels left.
You knew the following spells:

 Your Spells              Type           Power      Damage    Failure   Level
a - Mephitic Cloud        Conj/Pois/Air  0%         N/A       75%         3

Your spell library contained the following spells:

 Spells                   Type           Power      Damage    Failure   Level
 Animate Skeleton         Necr           0%         N/A       36%         1
 Pain                     Necr           0%         1d4       36%         1
 Ignite Poison            Fire/Tmut/Pois 0%         N/A       75%         3
 Vampiric Draining        Necr           0%         2d6       75%         3
 Freezing Cloud           Conj/Ice/Air   0%         6-21      100%        5


Dungeon Overview and Level Annotations

Branches:
Dungeon (7/15)             Temple (0/1) D:6

Altars:
Cheibriados
Fedhas
Hepliaklqana
Ru
Uskayaw
Wu Jian

Shops:
D:4 *


Innate Abilities, Weirdness & Mutations

Your life essence is reduced to manifest your ancestor. (-10% HP)
You have very sharp fingernails.
You sometimes gain a little power by taking damage.
You are partially covered in sharp spines.
Your movements are less encumbered by armour. (ER -4)


Message History

Unknown command.
You hit the orc warrior but do no damage.
The orc warrior is moderately wounded.
The orc wizard hits you but does no damage.
You are poisoned.
Aula gestures at the orc warrior while chanting.
The orc wizard resists with some effort.
The orc warrior closely misses you. The orc closely misses you.
You hit the orc wizard.
The orc wizard is moderately wounded.
You feel very sick.
The orc wizard points at you and mumbles some strange words.
The magic dart hits you!
Aula barely misses the orc wizard.
The orc warrior hits you with a +0 long sword!
* * * LOW HITPOINT WARNING * * *
The orc barely misses you.
Okay, then.
Throw: 2 throwing nets
Press: ? - help, Q - select action, (/) - cycle Shift-Dir - straight line, f/p - orc warrior
Aim: an orc warrior, wielding a +0 long sword and wearing a +0 chain mail (moderately wounded, ally target, 58% to hit)
You throw a throwing net.
The throwing net closely misses the orc warrior.
You feel sick.
The orc wizard hits you with a +2 dagger of venom.
* * * LOW HITPOINT WARNING * * *
You are lethally poisoned!
Aula hits the orc wizard with a +0 dagger of draining.
The orc warrior hits you with a +0 long sword.
* * * LOW HITPOINT WARNING * * *
The orc is struck by your spines. The orc closely misses you.
It was a potion of berserk rage.
A red film seems to cover your vision as you go berserk!
You feel yourself moving faster!
You feel mighty!
* * * LOW HITPOINT WARNING * * *
You feel very sick.
The orc wizard hits Aula with a +2 dagger of venom.
Aula hits the orc wizard with a +0 dagger of draining!
The orc wizard dies!
The orc warrior hits you with a +0 long sword!
You die...

.###### ...(.. #....#
#....# #....# +....#
####..oo# ...
#..#..@)######...
#..#.###R........ #..#
#.........
#..#.###..............#
#..#...'..............
#..#####.[.......##..##
###..# #.............##
..#..# ##............##
#.#..# #.####.......##


You could see the friendly Aula the hexer, an orc warrior (ally target) and an
orc.

Vanquished Creatures
  2 water moccasins (D:6)
  An orc warrior (D:7)
  A black bear (D:6)
  An ice beast (D:6)
  A sky beast (D:5)
  An ogre (D:6)
  A phantom (D:5)
  A kobold brigand (D:6)
  A water moccasin zombie (D:6)
  A scorpion (D:6)
  A wyvern skeleton (D:6)
  A howler monkey (D:5)
  A bullfrog zombie (D:5)
  An orc priest (D:6)
  A jelly (D:5)
  2 centaur skeletons
  Jessica (D:3)
  2 iguanas (D:4)
  An orc wizard (D:6)
  Robin (D:3)
  2 gnolls (D:4)
  A howler monkey skeleton (D:6)
  4 adders
  A white imp (D:6)
  2 worms
  A dart slug (D:3)
  16 orcs
  8 ball pythons
  8 endoplasms
  3 giant cockroaches
  10 goblins
  12 hobgoblins
  6 jackals
  8 kobolds
  6 quokkas
  3 bats
  2 frilled lizards
  8 rats
124 creatures vanquished.

Vanquished Creatures (collateral kills)
  Sigmund (D:6)
  A sky beast (D:6)
  A necrophage (D:5)
  A wyvern skeleton (D:6)
  A bullfrog zombie (D:5)
  2 orc priests (D:5)
  An orc wizard (D:7)
  A howler monkey zombie (D:6)
  A dart slug (D:3)
  4 orcs
  A ball python (D:3)
  2 kobolds
17 creatures vanquished.

Vanquished Creatures (others)
  A hexer (D:7)
  4 ancestors
  37 plants (D:3)
42 creatures vanquished.

Grand Total: 183 creatures vanquished

Notes
Turn   | Place    | Note
-------+----------+-------------------------------------------
     0 | D:1      | Zonian the Demonspawn Gladiator began the quest for the
                  | Orb.
     0 | D:1      | Reached XP level 1. HP: 16/16 MP: 1/1
   558 | D:1      | Gained mutation: You are partially covered in sharp spines.
                  | [demonic ancestry]
   558 | D:1      | Reached XP level 2. HP: 22/23 MP: 2/2
   984 | D:1      | Found a hazy altar of Hepliaklqana.
   995 | D:1      | Became a worshipper of Hepliaklqana the Forgotten
  1412 | D:2      | Gained mutation: Your movements are slightly less
                  | encumbered by armour. (ER -2) [demonic ancestry]
  1412 | D:2      | Reached XP level 3. HP: 28/28 MP: 3/3
  1582 | D:2      | Found a hide-covered altar of Uskayaw.
  1997 | D:3      | Noticed Robin
  2240 | D:3      | Found a blossoming altar of Fedhas.
  2251 | D:3      | Reached * piety under Hepliaklqana
  2297 | D:3      | Reached skill level 1 in Stealth
  2520 | D:2      | Gained mutation: You have sharp fingernails. [demonic
                  | ancestry]
  2520 | D:2      | Reached XP level 4. HP: 14/30 MP: 4/4
  2891 | D:3      | Killed Robin
  2906 | D:3      | Reached skill level 1 in Invocations
  3238 | D:3      | Noticed Jessica
  3239 | D:3      | Found a sacrificial altar of Ru.
  3243 | D:3      | Killed Jessica
  3688 | D:4      | Gained mutation: Your movements are less encumbered by
                  | armour. (ER -4) [demonic ancestry]
  3688 | D:4      | Reached XP level 5. HP: 29/36 MP: 6/6
  4068 | D:4      | Reached skill level 2 in Invocations
  4137 | D:4      | Reached ** piety under Hepliaklqana
  4138 | D:4      | Remembered your ancestor Aula as a hexer
  5048 | D:4      | Found a snail-covered altar of Cheibriados.
  5062 | D:4      | Found Muffokk's Assorted Antiques.
  5066 | D:4      | Bought a scroll labelled OXYWAF PANITS for 25 gold pieces
  5066 | D:4      | Bought an inky potion for 22 gold pieces
  5066 | D:4      | Bought a scroll labelled YTZAEHE JUNOO for 25 gold pieces
  5068 | D:4      | Acquired a +1 glaive of venom
  5110 | D:5      | Entered Level 5 of the Dungeon
  5115 | D:5      | Reached XP level 6. HP: 34/42 MP: 7/7
  5253 | D:5      | Found an ornate altar of the Wu Jian Council.
  5259 | D:5      | Reached skill level 3 in Invocations
  5542 | D:5      | Gained mutation: You sometimes gain a little power by
                  | taking damage. [demonic ancestry]
  5542 | D:5      | Reached XP level 7. HP: 47/47 MP: 9/9
  5634 | D:5      | Reached skill level 4 in Invocations
  6583 | D:6      | Noticed Sigmund
  6648 | D:6      | Found a staircase to the Ecumenical Temple.
  6678 | D:6      | Gained mutation: You have very sharp fingernails. [demonic
                  | ancestry]
  6678 | D:6      | Reached XP level 8. HP: 21/54 MP: 11/11
  6935 | D:6      | Reached skill level 5 in Invocations
  6937 | D:6      | Reached skill level 5 in Dodging
  6985 | D:6      | Reached skill level 5 in Fighting
  6985 | D:6      | Reached skill level 1 in Unarmed Combat
  7327 | D:6      | Killed Sigmund
  7666 | D:6      | Reached skill level 6 in Invocations
  8383 | D:7      | Learned a level 3 spell: Mephitic Cloud
  8411 | D:7      | Slain by an orc warrior

Illustrated notes

Levels and vault maps discovered:
D:1:      minmay_arrival_diagonal_passages, layout_loops_ring, minivault_14,
          kennysheep_flooded_box
D:2:      layout_loops_ring, serial_aquarium, aquarium_bridge_island_small
          [aquarium_subvault_small_open, aquarium_subvault_bridge,
          aquarium_subvault_window, aquarium_subvault_bridge,
          aquarium_subvault_wall], aquarium_window_2, aquarium_window_2,
          aquarium_view_2f, aquarium_pool_four, basic_altar
D:3:      layout_rooms, mainiacjoe_overflow_catch_the_wave, wad_orctagon,
          uniq_robin, uniq_jessica
D:4:      layout_basic, general_overflow_altar, serial_shops, kennysheep_mini
D:5:      layout_rooms, nicolae_wu_jian_wuxing_cycle
D:6:      layout_basic, minmay_temple_entry_water_ring,
          grunt_decor_mini_mirrors, uniq_sigmund
D:7:      layout_basic, mainiacjoe_overflow_catwalk

Skill      XL: |  1  2  3  4  5  6  7  8 |
---------------+-------------------------+-----
Dodging        | 3 4 5 |  5.6
Polearms       | 3 4 |  4.7
Stealth        | 1 2 3 4 |  4.9
Invocations    | 1 2 3 4 6 |  6.3
Fighting       | 3 4 5 |  5.6
Unarmed Combat | 2 |  2.4
Throwing       | |  1.8

Action                   |  1- 3 |  4- 6 |  7- 9 || total
-------------------------+-------+-------+-------++-------
Melee: Trident           |   114 |   133 |   129 ||   376
       Unarmed           |       |       |     7 ||     7
       Punch             |       |       |     1 ||     1
Throw: Throwing net      |       |       |     2 ||     2
       Dart              |       |       |     1 ||     1
Invok: Ancestor Life: He |       |     1 |       ||     1
       Recall Ancestor   |       |       |     1 ||     1
Evoke: Wand              |       |       |     1 ||     1
  Use: Scroll            |       |    10 |     2 ||    12
       Potion            |       |       |     2 ||     2
 Stab: Sleeping          |     5 |     9 |     4 ||    18
       Distracted        |     1 |       |     1 ||     2
       Confused          |       |       |     3 ||     3
Armor: Leather armour    |    17 |    12 |    21 ||    50
Dodge: Dodged            |    36 |    49 |    79 ||   164

Table legend: (Time is in decaauts)
 A = Elapsed time spent in this place.
 B = Non-inter-level travel time spent in this place.
 C = Inter-level travel time spent in this place.
 D = Time resting spent in this place.
 E = Time spent auto-exploring this place.
 F = Levels seen in this place.
 G = Mean time per level.
                   A        B        C        D        E       F      G
               +--------+--------+--------+--------+--------+-----+--------+
         Total |   8456 |   8251 |    205 |   2436 |   4659 |   7 | 1208.0 |
       Dungeon |   8456 |   8251 |    205 |   2436 |   4659 |   7 | 1208.0 |
               +--------+--------+--------+--------+--------+-----+--------+

Top non-repeatable levels by time:
     D:6: 1934 daAuts
     D:2: 1557 daAuts
     D:4: 1369 daAuts
     D:3: 1164 daAuts
     D:1: 1051 daAuts
     D:5: 923 daAuts
     D:7: 456 daAuts
